[Event "Titled Tuesday Blitz April 05 Early 2022"]
[White "Skliarov, Viktor"]
[Black "Gracia Alvarez, Gerardo Antonio"]
[WhiteFideId "14106736"]
[BlackFideId "5109124"]
[WhiteElo "2229"]
[BlackElo "2139"]
[Result "1/2-1/2"]
[Round "08"]
[TimeControl "180+1"]
[Date "2022.04.05"]
[WhiteClock "0:00:25"]
[BlackClock "0:00:04"]

1. e4 c5 2. Nf3 Nc6 3. Bb5 d6 4. d4 cxd4 5. Qxd4 Bd7 6. Bxc6 Bxc6 7. Nc3 Nf6 8. Bg5 e6 9. O-O-O Be7 10. Rhe1 O-O 11. Kb1 Qa5 12. Qd2 Qa6 13. Nd4 Rfd8 14. f3 b5 15. a3 Rab8 16. Na2 Be8 17. g4 Qb7 18. h4 Qc7 19. h5 a5 20. Bxf6 Bxf6 21. g5 Be7 22. g6 b4 23. axb4 axb4 24. h6 hxg6 25. hxg7 Bf6 26. Rh1 Bxg7 27. Qh2 Qc4 28. Nb3 Ra8 29. Nac1 Qa6 30. f4 Ba4 31. e5 dxe5 32. fxe5 Rdc8 33. Qh7+ Kf8 34. Rhf1 Bxb3 35. Nxb3 Qa2+ 36. Kc1 Qxb3 37. Rd8+ Rxd8 38. cxb3 Ra1+ 39. Kc2 Rxf1 40. Qh4 Rd5 41. Qxb4+ Kg8 42. Qb8+ Bf8 43. b4 Rf2+ 44. Kc3 Rf4 45. b5 Rf3+ 46. Kc2 Rf2+ 47. Kc3 Rf3+ 48. Kc2 Rf2+ 49. Kc3 Rf3+ 1/2-1/2


[Site "https://www.chess.com"]

[Event "Titled Tuesday Blitz April 05 Early 2022"]
[White "Sovetbekova, Nurai"]
[Black "Mikhnenko, Alexander"]
[WhiteFideId "13801910"]
[BlackFideId "34143014"]
[WhiteElo "1538"]
[BlackElo "2117"]
[Result "1/2-1/2"]
[Round "08"]
[TimeControl "180+1"]
[Date "2022.04.05"]
[WhiteClock "0:00:07"]
[BlackClock "0:01:18"]

1. d4 d5 2. c4 c6 3. Nf3 Nf6 4. g3 Bf5 5. Bg2 e6 6. Qb3 Qb6 7. c5 Qxb3 8. axb3 a6 9. Nc3 Nbd7 10. b4 Rc8 11. Nd2 Be7 12. Nb3 Bd8 13. Na5 Bxa5 14. bxa5 O-O 15. O-O Ne4 16. Nxe4 Bxe4 17. Bxe4 dxe4 18. Ra3 Nf6 19. Rb3 Rc7 20. Bf4 Rd7 21. Bd6 Rfd8 22. Rd1 Ne8 23. Bf4 f5 24. Be5 Kf7 25. Rc1 Nf6 26. Bxf6 Kxf6 27. e3 Re8 28. Rc4 Ree7 29. Kf1 g5 30. Ke2 h5 31. f3 exf3+ 32. Kxf3 Rh7 33. h4 gxh4 34. gxh4 Rhg7 35. Rcb4 e5 36. dxe5+ Kxe5 37. Rf4 Rg4 38. Rbb4 Rxf4+ 39. Rxf4 Rd5 40. Rb4 Rxc5 41. Rxb7 Rb5 42. Rh7 Rxb2 43. Rxh5 c5 44. Rh6 Rb4 45. h5 Rh4 46. Rxa6 Rh3+ 47. Ke2 Rxh5 48. Rc6 Kd5 49. Rc8 Rh2+ 50. Kd3 Ra2 51. Rd8+ Ke5 52. Re8+ Kd5 53. Ra8 Ra3+ 54. Ke2 c4 55. a6 Kc6 56. Rc8+ Kb6 57. Rxc4 Kxa6 58. Rc5 Kb6 59. Rxf5 Kc6 60. Kf3 Kd7 61. Kf4 Ke7 62. e4 Ke8 63. Rb5 Ra6 64. Rb7 Rc6 65. Kf5 Ra6 66. e5 Rc6 67. Rb8+ Ke7 68. Rh8 Ra6 69. Rh7+ Ke8 70. Rh1 Rb6 71. Rh8+ Ke7 72. Rh7+ Ke8 73. Rg7 Ra6 74. Rg5 Rb6 75. e6 Rb1 76. Kf6 Rf1+ 77. Kg6 Ke7 78. Rf5 Rg1+ 79. Rg5 Rxg5+ 80. Kxg5 Kxe6 1/2-1/2


[Site "https://www.chess.com"]

[Event "Titled Tuesday Blitz April 05 Early 2022"]
[White "Srebrnic, Marko"]
[Black "Vasquez Schroeder, Rodrigo"]
[WhiteFideId "14603616"]
[BlackFideId "3400042"]
[WhiteElo "2340"]
[BlackElo "2561"]
[Result "0-1"]
[Round "08"]
[TimeControl "180+1"]
[Date "2022.04.05"]
[WhiteClock "0:00:02"]
[BlackClock "0:01:19"]

1. e4 c5 2. Nf3 d6 3. d4 cxd4 4. Nxd4 Nf6 5. Nc3 a6 6. Bc4 e6 7. O-O b5 8. Bb3 Be7 9. Qf3 Qb6 10. Bg5 Nbd7 11. Rad1 Nc5 12. Rfe1 O-O 13. e5 Bb7 14. exf6 Bxf3 15. fxe7 Bxd1 16. exf8=Q+ Rxf8 17. Rxd1 d5 18. a3 h6 19. Be3 Qc7 20. Ba2 Rd8 21. f4 f5 22. Nf3 Ne4 23. Nxe4 fxe4 24. Nd4 Rd6 25. c3 Kh7 26. Bb1 g6 27. g4 Qf7 28. Rf1 Rd8 29. Nc6 Rc8 30. Ne5 Qe7 31. Kg2 a5 32. Kg3 b4 33. axb4 axb4 34. Bd4 bxc3 35. bxc3 Qa3 36. Kh4 Rxc3 37. Bxc3 Qxc3 38. h3 g5+ 39. fxg5 hxg5+ 40. Kh5 Qxh3+ 41. Kxg5 Qh6# 0-1


[Site "https://www.chess.com"]

[Event "Titled Tuesday Blitz April 05 Early 2022"]
[White "Tanenbaum, Zachary"]
[Black "Nguyen Hong Nhung"]
[WhiteFideId "2060850"]
[BlackFideId "12412201"]
[WhiteElo "2168"]
[BlackElo "1758"]
[Result "1-0"]
[Round "08"]
[TimeControl "180+1"]
[Date "2022.04.05"]
[WhiteClock "0:01:53"]
[BlackClock "0:01:55"]

1. e4 c5 2. Nf3 e6 3. d4 cxd4 4. Nxd4 Nc6 5. Nc3 Qc7 6. g3 a6 7. Bg2 Nf6 8. O-O Be7 9. Re1 d6 10. Nxc6 bxc6 11. e5 dxe5 12. Rxe5 O-O 13. Bf4 Rd8 14. Rd5 Qb6 15. Na4 Rxd5 16. Nxb6 Rxd1+ 17. Rxd1 Bb7 18. Nxa8 Bxa8 19. Bd6 Kf8 20. c4 Bxd6 21. Rxd6 Ke7 22. c5 Nd5 23. Bxd5 exd5 24. f4 Bb7 25. Kf2 g6 26. Ke3 a5 27. b3 Ba8 28. Kd4 Bb7 29. Kc3 h5 30. Kb2 Ba8 31. Ka3 Bb7 32. Ka4 Ba6 33. Kxa5 Be2 34. Kb6 Bf3 35. a4 f6 36. a5 g5 37. fxg5 fxg5 38. a6 1-0


[Site "https://www.chess.com"]

[Event "Titled Tuesday Blitz April 05 Early 2022"]
[White "Tomb, Maroun"]
[Black "Kostina, Nadezhda"]
[WhiteFideId "5300398"]
[BlackFideId "4195876"]
[WhiteElo "2526"]
[BlackElo "1982"]
[Result "1-0"]
[Round "08"]
[TimeControl "180+1"]
[Date "2022.04.05"]
[WhiteClock "0:00:49"]
[BlackClock "0:00:51"]

1. e4 c5 2. Ne2 Nc6 3. Nbc3 g6 4. d4 cxd4 5. Nxd4 Bg7 6. Nde2 Nf6 7. g3 O-O 8. Bg2 d6 9. O-O a6 10. a4 Rb8 11. Nd5 Be6 12. h3 Qd7 13. Be3 Bxd5 14. exd5 Nb4 15. c4 b5 16. cxb5 axb5 17. a5 Rfc8 18. a6 Nc2 19. Ra5 Nxe3 20. fxe3 Qa7 21. Qd4 Rc5 22. b4 Nxd5 23. Qd2 Rc2 24. Qxc2 Nxe3 25. Qd3 Nxf1+ 26. Kxf1 Rc8 27. Bb7 Rc4 28. Rxb5 d5 29. Rxd5 Rxb4 30. Rd8+ Bf8 31. Qc3 Rb1+ 32. Kg2 Qb6 33. Rxf8+ 1-0


[Site "https://www.chess.com"]

[Event "Titled Tuesday Blitz April 05 Early 2022"]
[White "Tsyhanchuk, Stanislav"]
[Black "Rodchenkov, Sergey D."]
[WhiteFideId "13505130"]
[BlackFideId "4168712"]
[WhiteElo "2078"]
[BlackElo "2306"]
[Result "1-0"]
[Round "08"]
[TimeControl "180+1"]
[Date "2022.04.05"]
[WhiteClock "0:00:38"]
[BlackClock "0:00:06"]

1. d4 Nf6 2. c4 e6 3. Nc3 Bb4 4. e3 O-O 5. Bd2 b6 6. Bd3 Bb7 7. Nf3 Bxc3 8. Bxc3 Ne4 9. Qc2 Nxc3 10. Qxc3 d6 11. e4 c5 12. O-O cxd4 13. Nxd4 Nd7 14. Rad1 Ne5 15. Bb1 Rc8 16. b3 a6 17. Qg3 Ng6 18. f4 Qc7 19. f5 exf5 20. exf5 Ne5 21. f6 g6 22. Qh4 Nd7 23. Qh6 Nxf6 24. Rxf6 Qe7 25. Rdf1 d5 26. Qg5 Qd7 27. Nf5 Qd8 28. Ne7+ Kh8 29. Rxf7 Rxf7 30. Rxf7 dxc4 31. Qf6# 1-0


[Site "https://www.chess.com"]

[Event "Titled Tuesday Blitz April 05 Early 2022"]
[White "Tuleyeva-Aketayeva, Dana"]
[Black "Dilmukhametov, Artur"]
[WhiteFideId "13701932"]
[BlackFideId "24179922"]
[WhiteElo "1875"]
[BlackElo "2244"]
[Result "1-0"]
[Round "08"]
[TimeControl "180+1"]
[Date "2022.04.05"]
[WhiteClock "0:00:58"]
[BlackClock "0:00:52"]

1. d4 Nf6 2. Nf3 g6 3. g3 Bg7 4. Bg2 d6 5. O-O O-O 6. c4 Na6 7. Nc3 c5 8. e3 cxd4 9. exd4 Rb8 10. Nb5 d5 11. c5 b6 12. Nxa7 bxc5 13. Nc6 Qb6 14. Nxb8 Qxb8 15. dxc5 Nxc5 16. Nd2 Bb7 17. Nb3 Nfe4 18. Nxc5 Nxc5 19. Be3 Qc7 20. Rc1 Qd6 21. Bxc5 Qa6 22. Bxe7 Re8 23. Ba3 Rd8 24. Re1 h5 25. h4 Qb6 26. Qb3 Qxb3 27. axb3 Rd7 28. b4 d4 29. Bxb7 Rxb7 30. Red1 Rb5 31. Rc5 Rxc5 32. bxc5 Be5 33. c6 Kg7 34. Bc5 Kf6 35. Bb6 Ke6 36. Bxd4 Bd6 37. b4 Ke7 38. Bc5 Bxc5 39. bxc5 Ke8 40. c7 1-0


[Site "https://www.chess.com"]

[Event "Titled Tuesday Blitz April 05 Early 2022"]
[White "Van den Dikkenberg, Erik"]
[Black "Todorovic, Bojan"]
[WhiteFideId "1005880"]
[BlackFideId "917087"]
[WhiteElo "2118"]
[BlackElo "2266"]
[Result "0-1"]
[Round "08"]
[TimeControl "180+1"]
[Date "2022.04.05"]
[WhiteClock "0:00:11"]
[BlackClock "0:00:27"]

1. e4 c5 2. Nc3 Nc6 3. f4 g6 4. Nf3 Bg7 5. Bc4 e6 6. d3 Nge7 7. O-O d5 8. Bb5 O-O 9. Bxc6 Nxc6 10. e5 f6 11. exf6 Bxf6 12. Bd2 Bd7 13. Qe1 Bg7 14. Kh1 Qf6 15. Qg3 Rae8 16. Rae1 Nd4 17. Nxd4 cxd4 18. Ne2 e5 19. fxe5 Qxf1+ 20. Rxf1 Rxf1+ 21. Ng1 Bxe5 22. Qg5 Bf5 23. g4 Bf6 24. Qh6 Bxg4 25. Kg2 Rd1 26. Qf4 Bf5 27. Nf3 Re2+ 28. Kg3 Rg1+ 29. Nxg1 Be5 30. Kf3 Bxf4 31. Kxe2 Bxh2 32. Nf3 Bg4 33. Kf2 Bxf3 34. Kxf3 Be5 35. Bh6 Kf7 36. b3 Bg7 37. Bf4 Ke6 38. a4 a6 39. Kg4 h5+ 40. Kg5 Kf7 41. Bc7 Bf6+ 42. Kf4 Ke6 43. Bb6 g5+ 44. Kf3 Kf5 45. a5 g4+ 46. Kg2 h4 47. Bc7 Be5 48. Bd8 h3+ 49. Kh1 Kf4 50. Bh4 Kf3 51. b4 g3 52. Bxg3 Bxg3 53. b5 axb5 54. a6 bxa6 55. c4 dxc3 56. d4 c2 57. Kg1 c1=Q# 0-1


[Site "https://www.chess.com"]

[Event "Titled Tuesday Blitz April 05 Early 2022"]
[White "Vlassov, Nikolai"]
[Black "Lashkin, Jegor"]
[WhiteFideId "4103360"]
[BlackFideId "13907808"]
[WhiteElo "2407"]
[BlackElo "2368"]
[Result "1-0"]
[Round "08"]
[TimeControl "180+1"]
[Date "2022.04.05"]
[WhiteClock "0:00:53"]
[BlackClock "0:00:10"]

1. e4 c5 2. c3 Nf6 3. e5 Nd5 4. d4 cxd4 5. cxd4 d6 6. Bc4 Nb6 7. Bb3 dxe5 8. Qh5 e6 9. dxe5 Nc6 10. Nc3 g6 11. Qg5 Be7 12. Qg3 Nd4 13. Nf3 Nxb3 14. axb3 Qd3 15. Ng5 Qxg3 16. hxg3 Nd7 17. Nb5 Kf8 18. Rxa7 Rb8 19. Nf3 h5 20. g4 Nc5 21. gxh5 Nxb3 22. Bg5 Bc5 23. Ra2 Bd7 24. Nd6 Rxh5 25. Rxh5 gxh5 26. Bh6+ Kg8 27. Nd2 Nc1 28. N2e4 Bb4+ 29. Kd1 Kh7 30. Bxc1 Kg6 31. Bd2 Bxd2 32. Kxd2 Bc6 33. Ra3 h4 34. Rh3 Rh8 35. g3 Rh5 36. f4 hxg3 37. Rxg3+ Kh7 38. Nf6+ 1-0


[Site "https://www.chess.com"]

[Event "Titled Tuesday Blitz April 05 Early 2022"]
[White "Voege, Tobias"]
[Black "Sergienko, Sergey"]
[WhiteFideId "1270513"]
[BlackFideId "4115791"]
[WhiteElo "2297"]
[BlackElo "2193"]
[Result "1-0"]
[Round "08"]
[TimeControl "180+1"]
[Date "2022.04.05"]
[WhiteClock "0:00:15"]
[BlackClock "0:00:01"]

1. c4 c5 2. Nc3 Nf6 3. g3 d5 4. cxd5 Nxd5 5. Bg2 Nc7 6. Nf3 Nc6 7. O-O e5 8. d3 Be7 9. a3 f6 10. Rb1 Be6 11. Be3 O-O 12. Nd2 Qd7 13. b4 cxb4 14. axb4 Nxb4 15. Bxb7 Rab8 16. Bg2 a5 17. Nb3 Ncd5 18. Nxd5 Bxd5 19. Bxd5+ Qxd5 20. Nd2 Nc6 21. Qa4 Bb4 22. Nc4 e4 23. Nb6 Qe6 24. dxe4 Qxe4 25. Nd7 Ne5 26. Nxf8 Rxf8 27. Bc5 Qxe2 28. Bxf8 Nf3+ 29. Kg2 Nh4+ 30. Kg1 Nf3+ 31. Kh1 Nd4 32. f3 Kxf8 33. Qd1 Qe3 34. Rc1 Bd2 35. Rc8+ Kf7 36. Rd8 Bc3 37. Qc1 Qd3 38. Qd1 Qe3 39. Rb8 a4 40. Rb7+ Kg6 41. Qxa4 Nxf3 42. Qc2+ Kh6 43. Qf2 Qxf2 44. Rxf2 Ng5 45. Rc2 1-0


[Site "https://www.chess.com"]

[Event "Titled Tuesday Blitz April 05 Early 2022"]
[White "Von Buelow, Georg"]
[Black "Sebag, Marie"]
[WhiteFideId "4620658"]
[BlackFideId "617822"]
[WhiteElo "2170"]
[BlackElo "2440"]
[Result "1-0"]
[Round "08"]
[TimeControl "180+1"]
[Date "2022.04.05"]
[WhiteClock "0:00:18"]
[BlackClock "0:00:21"]

1. e4 c6 2. d4 d5 3. e5 Bf5 4. h4 c5 5. dxc5 Nc6 6. Nf3 e6 7. Bd3 Bxd3 8. Qxd3 Bxc5 9. O-O Nge7 10. Bf4 Nf5 11. h5 Nh4 12. Nbd2 Rc8 13. Bg5 Nxf3+ 14. Nxf3 Nxe5 15. Nxe5 Qb6 16. h6 gxh6 17. Bf6 Rf8 18. Bg7 Rg8 19. Qxh7 Ke7 20. Bxh6 Kd6 21. Nxf7+ Kc6 22. Ne5+ Kb5 23. Qd3+ Ka5 24. Bd2+ Bb4 25. c3 Bd6 26. b4+ Ka4 27. Qc2+ Kb5 28. a4+ Ka6 29. Qd3+ 1-0


[Site "https://www.chess.com"]

[Event "Titled Tuesday Blitz April 05 Early 2022"]
[White "Vusatiuk, Vladimir"]
[Black "Girinath, P.D.S."]
[WhiteFideId "14118610"]
[BlackFideId "5000572"]
[WhiteElo "2157"]
[BlackElo "2369"]
[Result "1-0"]
[Round "08"]
[TimeControl "180+1"]
[Date "2022.04.05"]
[WhiteClock "0:00:16"]
[BlackClock "0:00:04"]

1. d4 Nf6 2. c4 g6 3. Nc3 Bg7 4. e4 d6 5. Be2 O-O 6. Nf3 e5 7. O-O exd4 8. Nxd4 Re8 9. f3 Nc6 10. Be3 Nh5 11. Nc2 Be5 12. Qd2 Qh4 13. f4 Bxc3 14. Qxc3 Rxe4 15. Bf3 Re8 16. Rae1 Bf5 17. g3 Qf6 18. Nd4 Rxe3 19. Qxe3 Qxd4 20. g4 1-0


[Site "https://www.chess.com"]

[Event "Titled Tuesday Blitz April 05 Early 2022"]
[White "Yushko, Olga"]
[Black "Miszler, Levente"]
[WhiteFideId "14114500"]
[BlackFideId "763276"]
[WhiteElo "2028"]
[BlackElo "1966"]
[Result "0-1"]
[Round "08"]
[TimeControl "180+1"]
[Date "2022.04.05"]
[WhiteClock "0:00:12"]
[BlackClock "0:00:07"]

1. d4 Nf6 2. c4 g6 3. Nf3 Bg7 4. Nc3 d6 5. Bg5 O-O 6. e3 Nbd7 7. Be2 e5 8. Qc2 h6 9. Bh4 Re8 10. Rd1 g5 11. Bg3 Nh5 12. b4 Nxg3 13. hxg3 Qe7 14. Nd5 Qd8 15. a4 c6 16. Nc3 Qb6 17. dxe5 Qxb4 18. Rb1 Qa5 19. O-O Nxe5 20. Nd4 Bg4 21. Ne4 Bxe2 22. Qxe2 d5 23. Nd6 Re7 24. Nxb7 Qxa4 25. cxd5 cxd5 26. Nc5 Qc4 27. Qxc4 Nxc4 28. Nf5 Rc7 29. Na6 Rd7 30. Rfd1 Nb6 31. Nc5 Rc7 32. Na6 Rc2 33. Ne7+ Kf8 34. Nxd5 Rd8 35. Nxb6 Rxd1+ 36. Rxd1 axb6 37. Rb1 Rb2 38. Rxb2 Bxb2 39. Kf1 Ke7 40. Ke2 Kd6 41. Kd3 Bf6 42. Kc4 Kc6 43. Nb4+ Kd6 44. Kb5 Bc3 45. Nd3 Kd5 46. f3 Bd2 47. Kxb6 Bxe3+ 48. Kc7 Kd4 49. Nb4 Kc4 50. Nc6 Kd3 51. Ne5+ Ke2 52. Nxf7 h5 53. f4 gxf4 54. gxf4 Bxf4+ 55. Kc6 Kf2 56. Nd8 Kxg2 57. Ne6 Be3 58. Kd5 h4 59. Ke4 Kf2 60. Ng7 h3 61. Nf5 h2 62. Nxe3 h1=Q+ 63. Kd4 Qa1+ 64. Ke4 Qe1 65. Kf4 Qxe3+ 66. Kg4 Qe4+ 0-1


[Site "https://www.chess.com"]

[Event "Titled Tuesday Blitz April 05 Early 2022"]
[White "Zaksaite, Salomeja"]
[Black "Pacheco Lugo, Alejandro Jose"]
[WhiteFideId "12801496"]
[BlackFideId "3903745"]
[WhiteElo "1953"]
[BlackElo "2146"]
[Result "0-1"]
[Round "08"]
[TimeControl "180+1"]
[Date "2022.04.05"]
[WhiteClock "0:00:29"]
[BlackClock "0:02:10"]

1. e4 c5 2. Nf3 d6 3. d4 cxd4 4. Nxd4 Nf6 5. Nc3 a6 6. h3 e5 7. Nde2 h5 8. g3 Be7 9. Bg2 b5 10. Nd5 Bb7 11. Nxe7 Qxe7 12. Bg5 Nbd7 13. O-O Qe6 14. Qd2 Rc8 15. a4 Nxe4 16. Qe3 Ndc5 17. axb5 axb5 18. b4 Nxg5 19. Qxg5 Bxg2 20. Qxg7 Bxf1 21. bxc5 Qh6 22. Qxh6 Rxh6 23. Kxf1 Rxc5 0-1


[Site "https://www.chess.com"]

[Event "Titled Tuesday Blitz April 05 Early 2022"]
[White "volunteers1998"]
[Black "Iskusnyh, Sergei"]
[BlackFideId "4120027"]
[WhiteElo "2316"]
[BlackElo "2492"]
[Result "1/2-1/2"]
[Round "08"]
[TimeControl "180+1"]
[Date "2022.04.05"]
[WhiteClock "0:00:46"]
[BlackClock "0:00:06"]

1. e4 e6 2. Nf3 d5 3. Nc3 Nf6 4. e5 Nfd7 5. d4 c5 6. dxc5 Nc6 7. Bf4 Be7 8. a3 Nxc5 9. Be2 O-O 10. O-O f5 11. exf6 Bxf6 12. Bg3 a6 13. Re1 b5 14. Bf1 Ra7 15. Qd2 Kh8 16. Rad1 Raf7 17. b4 Nd7 18. Bd3 Nb6 19. Ne2 Nc4 20. Bxc4 bxc4 21. Ned4 Nxd4 22. Nxd4 Qb6 23. Kh1 h6 24. f3 Bd7 25. Bf2 Qb8 26. Nxe6 Bxe6 27. Rxe6 d4 28. Bxd4 c3 29. Qxc3 Rd7 30. Re4 Rfd8 31. Qe3 Bxd4 32. Rexd4 Rxd4 33. Rxd4 Re8 34. Qd2 Qc7 35. c4 Qe7 36. h3 Qe5 37. Rd8 Rxd8 38. Qxd8+ Kh7 39. Qd3+ Kh8 40. Qe4 Qa1+ 41. Kh2 Qxa3 42. Qe8+ Kh7 43. Qe4+ Kh8 44. Qe8+ Kh7 45. Qe4+ Kh8 1/2-1/2


[Site "https://www.chess.com"]

[Event "Titled Tuesday Blitz April 05 Early 2022"]
[White "Arabidze, Meri"]
[Black "Rozhkov, Viacheslav"]
[WhiteFideId "13604040"]
[BlackFideId "4181484"]
[WhiteElo "2335"]
[BlackElo "2324"]
[Result "1-0"]
[Round "09"]
[TimeControl "180+1"]
[Date "2022.04.05"]
[WhiteClock "0:01:15"]
[BlackClock "0:00:03"]

1. d4 f5 2. Nf3 Nf6 3. g3 e6 4. Bg2 d5 5. O-O Bd6 6. c4 c6 7. Bf4 O-O 8. Bxd6 Qxd6 9. Qc2 Nbd7 10. Nbd2 Ne4 11. Rab1 g5 12. Nxe4 dxe4 13. Nxg5 h6 14. Nh3 Qxd4 15. Rbd1 Qf6 16. f3 exf3 17. exf3 e5 18. Rfe1 Re8 19. c5 Nf8 20. Nf2 Be6 21. Nd3 Bd5 22. Qc3 Ng6 23. f4 Bxg2 24. Kxg2 Rad8 25. fxe5 Qg5 26. Kh1 Qg4 27. Nf2 Qg5 28. Rxd8 Rxd8 29. e6 Ne7 30. Nh3 Qg4 31. Nf4 h5 32. Qf6 Rd2 33. Qf7+ Kh8 34. Qe8+ Ng8 35. Qxh5+ Qxh5 36. Nxh5 Rxb2 37. e7 Nxe7 38. Rxe7 Rxa2 39. Nf6 Ra1+ 40. Kg2 1-0


[Site "https://www.chess.com"]

[Event "Titled Tuesday Blitz April 05 Early 2022"]
[White "Bas Mas, Jose Joaquin"]
[Black "Rabineau, Clement"]
[WhiteFideId "22219064"]
[BlackFideId "628891"]
[WhiteElo "2212"]
[BlackElo "2237"]
[Result "0-1"]
[Round "09"]
[TimeControl "180+1"]
[Date "2022.04.05"]
[WhiteClock "0:00:36"]
[BlackClock "0:00:07"]

1. e4 d6 2. Nc3 g6 3. d4 Bg7 4. h3 a6 5. a4 Nc6 6. Nf3 Nf6 7. Be3 O-O 8. e5 Nd7 9. e6 fxe6 10. Bc4 d5 11. Be2 Nf6 12. O-O Ne8 13. Re1 Nd6 14. Ng5 Nf5 15. Bg4 h6 16. Nf3 e5 17. dxe5 Nxe3 18. Rxe3 Bxg4 19. hxg4 e6 20. Ne2 Qe7 21. c3 Rf7 22. Qb3 Na5 23. Qb4 Qxb4 24. cxb4 Nc4 25. Rc3 Nxe5 26. Nfd4 Nxg4 27. f3 Ne5 28. Rac1 c6 29. b5 axb5 30. a5 Nd7 31. Re3 e5 32. Ne6 Re7 33. Nc7 Rxa5 34. f4 Ra2 35. Rc2 Kf7 36. fxe5 Rxe5 37. Rf3+ Rf5 38. Ng3 Rxf3 39. gxf3 Rxb2 40. Rc1 Ne5 41. Kf1 Nxf3 42. Ne2 g5 43. Ra1 Rxe2 44. Ra7 Re3 45. Rxb7 Kg6 46. Kf2 Rb3 47. Ne8 Bd4+ 48. Ke2 Re3+ 49. Kf1 Rxe8 0-1


[Site "https://www.chess.com"]

[Event "Titled Tuesday Blitz April 05 Early 2022"]
[White "Bashirli, Saadat"]
[Black "Ilyasli, Ughur"]
[WhiteFideId "13429990"]
[BlackFideId "13416197"]
[WhiteElo "1173"]
[BlackElo "2045"]
[Result "0-1"]
[Round "09"]
[TimeControl "180+1"]
[Date "2022.04.05"]
[WhiteClock "0:01:33"]
[BlackClock "0:00:58"]

1. d4 Nf6 2. Bg5 Ne4 3. Bf4 c5 4. f3 Nf6 5. d5 g6 6. Nc3 Bg7 7. e4 d6 8. Bb5+ Bd7 9. Bxd7+ Nbxd7 10. Nge2 b5 11. Nxb5 Qb6 12. Nbc3 Qxb2 13. O-O O-O 14. Rb1 Qa3 15. Qd2 Nh5 16. Be3 Nb6 17. Rb3 Qa6 18. Rfb1 Rfc8 19. Nf4 Nxf4 20. Bxf4 Qc4 21. Ne2 Qa4 22. Nc1 Bd4+ 23. Kh1 Qa6 24. c3 Qf1# 0-1


[Site "https://www.chess.com"]

[Event "Titled Tuesday Blitz April 05 Early 2022"]
[White "Begunov, Konstantin"]
[Black "Pinheiro, Iung Alicio de O."]
[WhiteFideId "4118510"]
[BlackFideId "2104350"]
[WhiteElo "2262"]
[BlackElo "2521"]
[Result "0-1"]
[Round "09"]
[TimeControl "180+1"]
[Date "2022.04.05"]
[WhiteClock "0:00:16"]
[BlackClock "0:00:32"]

1. d4 Nf6 2. c4 g6 3. f3 d5 4. cxd5 Nxd5 5. e4 Nb6 6. Nc3 Bg7 7. Be3 e5 8. d5 c6 9. dxc6 Qxd1+ 10. Rxd1 Nxc6 11. Nb5 O-O 12. Nxa7 Rxa7 13. Bxb6 Rxa2 14. Bc5 Re8 15. Ba3 Be6 16. Ne2 Bf8 17. Nc3 Rxa3 18. bxa3 Bxa3 19. Nd5 Kg7 20. Nc7 Bb4+ 21. Kf2 Bc5+ 22. Kg3 Re7 23. Nxe6+ Rxe6 24. Bc4 Rf6 25. Rd5 Be3 26. Rb1 b6 27. Rd7 h5 28. Ra1 g5 29. Bd5 Na5 0-1


[Site "https://www.chess.com"]

[Event "Titled Tuesday Blitz April 05 Early 2022"]
[White "Bettalli, Francesco"]
[Black "Vusatiuk, Vladimir"]
[WhiteFideId "2816453"]
[BlackFideId "14118610"]
[WhiteElo "2216"]
[BlackElo "2157"]
[Result "0-1"]
[Round "09"]
[TimeControl "180+1"]
[Date "2022.04.05"]
[WhiteClock "0:00:18"]
[BlackClock "0:00:04"]

1. d4 d5 2. Nc3 Nf6 3. Bf4 e6 4. Nb5 Na6 5. e3 c6 6. Nc3 Bb4 7. Bxa6 bxa6 8. Nf3 Ne4 9. Qd3 c5 10. dxc5 O-O 11. Be5 f6 12. Bd6 Bxc3+ 13. bxc3 Nxd6 14. cxd6 Qxd6 15. O-O a5 16. Rfd1 Ba6 17. Qd4 Qc6 18. Rab1 Rfc8 19. Rb3 a4 20. Rb4 Bc4 21. a3 e5 22. Qd2 a5 23. Rb2 Qc5 24. Nh4 Qxa3 25. Rb7 Qc5 26. Nf5 Rc7 27. Rdb1 Rac8 28. Qd1 a3 29. Rxc7 Qxc7 30. Qg4 a2 31. Ra1 Re8 32. Nh6+ Kh8 33. Nf5 Qd7 34. Qf3 e4 35. Qf4 g6 36. Nd4 Qd8 37. Nc6 Qd7 38. Qxf6+ Qg7 39. Qxg7+ Kxg7 40. Nxa5 Rb8 41. h4 Rb1+ 0-1


[Site "https://www.chess.com"]

[Event "Titled Tuesday Blitz April 05 Early 2022"]
[White "Bongo Akanga Ndjila, Barthelemy"]
[Black "Lakshmi C"]
[WhiteFideId "10609431"]
[BlackFideId "25035347"]
[WhiteElo "1768"]
[BlackElo "1775"]
[Result "0-1"]
[Round "09"]
[TimeControl "180+1"]
[Date "2022.04.05"]
[WhiteClock "0:01:12"]
[BlackClock "0:00:48"]

1. d4 Nf6 2. c4 g6 3. Nc3 Bg7 4. e4 d6 5. Be2 O-O 6. Nf3 e5 7. O-O Nc6 8. d5 Ne7 9. Ne1 Ne8 10. Be3 f5 11. f3 f4 12. Bf2 a5 13. Rc1 g5 14. g4 fxg3 15. Bxg3 Ng6 16. a4 h6 17. Nd3 h5 18. c5 h4 19. Bf2 Bh3 20. Re1 g4 21. fxg4 Qg5 22. Bf3 Nf6 23. Be3 Nf4 24. Nxf4 exf4 25. Bd4 Nxg4 26. Bxg7 Ne3+ 27. Kh1 Bg2+ 28. Kg1 Bxf3+ 29. Kf2 Qg2# 0-1


[Site "https://www.chess.com"]

[Event "Titled Tuesday Blitz April 05 Early 2022"]
[White "Brodowski, Piotr"]
[Black "Vasquez Schroeder, Rodrigo"]
[WhiteFideId "1124480"]
[BlackFideId "3400042"]
[WhiteElo "2422"]
[BlackElo "2561"]
[Result "0-1"]
[Round "09"]
[TimeControl "180+1"]
[Date "2022.04.05"]
[WhiteClock "0:00:04"]
[BlackClock "0:01:43"]

1. c4 c5 2. Nc3 Nc6 3. g3 g6 4. Bg2 Bg7 5. Nf3 d6 6. O-O e6 7. b3 Nge7 8. Bb2 O-O 9. e3 b6 10. d4 Bb7 11. d5 exd5 12. cxd5 Nb4 13. e4 Ba6 14. Rb1 Bd3 15. a3 Bxb1 16. Qxb1 Na6 17. Rd1 Nc8 18. e5 Nc7 19. Ne4 Ne8 20. e6 f6 21. h4 Ne7 22. Bc3 f5 23. Neg5 Bxc3 24. h5 Bf6 25. hxg6 hxg6 26. Qc1 Kg7 27. Qf4 Bxg5 28. Nxg5 Nf6 29. Nf7 Rxf7 30. exf7 Kxf7 31. Qe3 Qd7 32. Re1 Re8 33. Qh6 Neg8 34. Qc1 Rxe1+ 35. Qxe1 Ne7 36. Qd2 Qb7 37. Qh6 Nexd5 38. g4 fxg4 39. Qg5 b5 40. a4 a6 41. axb5 axb5 42. Qd2 Qc6 43. Qd3 c4 44. bxc4 bxc4 45. Qd4 c3 46. Qa7+ Ke6 47. Qb8 c2 48. Qe8+ Qxe8 0-1


[Site "https://www.chess.com"]

[Event "Titled Tuesday Blitz April 05 Early 2022"]
[White "Buscar, Michael"]
[Black "Hernandez Jimenez, Alexander Andres"]
[WhiteFideId "2603616"]
[BlackFideId "3900452"]
[WhiteElo "2010"]
[BlackElo "2098"]
[Result "1-0"]
[Round "09"]
[TimeControl "180+1"]
[Date "2022.04.05"]
[WhiteClock "0:00:10"]
[BlackClock "0:00:12"]

1. Nf3 c5 2. g3 b6 3. Bg2 Bb7 4. b3 Nf6 5. Bb2 e6 6. c4 d5 7. cxd5 Nxd5 8. O-O Nc6 9. Nc3 Be7 10. Nxd5 exd5 11. Bxg7 Rg8 12. Bb2 d4 13. d3 h5 14. h4 Qd7 15. Bc1 O-O-O 16. Bf4 Nb4 17. Ne5 Qf5 18. f3 f6 19. Nf7 Rdf8 20. Nh6 Qg6 21. Nxg8 Rxg8 22. Bh3+ Kd8 23. Qd2 Nd5 24. Kh2 Ne3 25. Rg1 Nf5 26. b4 cxb4 27. Rac1 Bc5 28. Rc4 Ne3 29. Rxb4 f5 30. Rb5 Qc6 31. a4 a6 32. Rbb1 Bd6 33. Bg5+ Ke8 34. Bxe3 dxe3 35. Qxe3+ Kf7 36. Bxf5 Qc7 37. Qe6+ Kf8 38. f4 Bxf4 39. Qf6+ Ke8 40. Bg6+ Kd7 41. gxf4 Qxf4+ 42. Qxf4 1-0


[Site "https://www.chess.com"]